 Dungeon Crawl Stone Soup version 0.17.1-3-g152610e (webtiles) character file.

223 kaze the Ducker (level 5, 0/40 HPs)
             Began as a Demonspawn Gladiator on Mar 9, 2016.
             Succumbed to a worker ant's poison
             ... on level 6 of the Dungeon.
             The game lasted 00:06:43 (2596 turns).

kaze the Ducker (Demonspawn Gladiator)              Turns: 2596, Time: 00:06:44

Health: 0/40       AC: 13    Str: 16      XL:     5   Next: 66%
Magic:  5/5        EV:  8    Int:  9      God:
Gold:   163        SH:  0    Dex: 13 (14) Spells: 0 memorised, 4 levels left

rFire  . . .     SeeInvis .     j - +3 spear
rCold  + . .     Clarity  .     m - +0 chain mail
rNeg   . . .     SustAt   .     (no shield)
rPois  .         Gourm    .     c - +0 helmet
rElec  .         Spirit   .     i - +0 cloak (curse)
rCorr  .         Warding  .     (no gloves)
rMut   .         Stasis   .     (no boots)
MR     .....                    (no amulet)
Stlth  ..........               (no ring)
                                k - +1 ring of protection

@: lethally poisoned (0 -> -7), not resistant to hostile enchantments, extremely
unstealthy
A: molten scales 1, cold resistance 1
a: no special abilities


You were on level 6 of the Dungeon.
You were not hungry.

You visited 1 branch of the dungeon, and saw 4 of its levels.

You collected 163 gold pieces.

Inventory:

Hand Weapons
 j - a +3 spear (weapon)
Missiles
 d - 3 throwing nets (quivered)
Armour
 c - a +0 helmet (worn)
 i - a cursed +0 cloak (worn)
 m - a +0 chain mail (worn)
Jewellery
 k - a +1 ring of protection (left hand)
Scrolls
 b - 2 scrolls of remove curse {unknown}
 l - 2 scrolls of random uselessness {unknown}
 n - 2 scrolls of amnesia {unknown}
 p - a scroll of fear {unknown}
 t - 2 scrolls of fog {unknown}
 u - a scroll of enchant armour {unknown}
Potions
 a - a potion of agility {unknown}
Books
 q - Sif Muna's Guide on Good Luck
   (You found it on level 3 of the Dungeon)

   Spells                             Type                      Level
   a - Infusion                       Charms                       1
 r - Vehumet's Papyrus of Conjuration
   (You found it on level 3 of the Dungeon)

   Spells                             Type                      Level
   a - Magic Dart                     Conjuration                  1
 s - Kikubaaqudgha's Collected Works on Evil Arts
   (You found it on level 3 of the Dungeon)

   Spells                             Type                      Level
   a - Animate Skeleton               Necromancy                   1
Comestibles
 e - 3 bread rations
 f - 6 chunks of flesh
 g - a meat ration
 h - 5 fruits


   Skills:
 + Level 2.9 Fighting
   Level 3.1 Long Blades
 + Level 1.8 Polearms
 + Level 2.0 Throwing
 + Level 2.2 Armour
 + Level 3.9 Dodging
 + Level 0.2 Stealth


You had 4 spell levels left.
You didn't know any spells.

Dungeon Overview and Level Annotations

Branches:
Dungeon (6/15)
 Temple: D:4-7

Altars:
Elyvilon
Kikubaaqudgha
Sif Muna
Vehumet

Annotations:
D:6 Sigmund


Innate Abilities, Weirdness & Mutations

You are partially covered in molten scales (AC +1).
Your flesh is cold resistant.


Message History

a dagger; a chain mail; a flail The worker ant bites you.
* * * LOW HITPOINT WARNING * * *
There is a stone staircase leading down here.
Sigmund mumbles some strange words.
Sigmund flickers and vanishes!
Deactivating autopickup; reactivate with Ctrl-A.
The worker ant barely misses you.
The worker ant bites you but does no damage.
A jelly comes into view.
The jelly quivers.
The worker ant bites you.
* * * LOW HITPOINT WARNING * * *
You are lethally poisoned!
The worker ant poisons you!
There is an open door here.
* * * LOW HITPOINT WARNING * * *
You feel sick. The jelly barely misses you.
Your chain mail prevents you from hitting the jelly.
You die...

##...## ##.....##
##.......##
#.........#
+.........+
#.....>...#
##.......## ##..J..##
##.@.## ##a## #####.#
...#.# #.#.########
#..........#
#.###.....####.#
.....).....# #.#
#.###...##.###.####.#


You could see a jelly and a worker ant.

Vanquished Creatures
  A quasit (D:6)
  An orc wizard (D:6)
  2 worker ants (D:6)
  A hound skeleton (D:6)
  4 adders
  A shadow imp (D:6)
  2 oozes
  2 worms
  2 giant geckos
  4 orcs (D:6)
  2 giant cockroaches (D:2)
  5 goblins
  8 hobgoblins
  2 jackals (D:3)
  7 kobolds
  2 quokkas
  A ball python (D:1)
  3 bats
  2 giant newts
  6 rats
58 creatures vanquished.

Notes
Turn   | Place    | Note
--------------------------------------------------------------
     0 | D:1      | kaze the Demonspawn Gladiator began the quest for the Orb.
     0 | D:1      | Reached XP level 1. HP: 16/16 MP: 1/1
   475 | D:1      | Reached skill level 3 in Long Blades
   475 | D:1      | Gained mutation: Your flesh is cold resistant. [demonic ancestry]
   475 | D:1      | Reached XP level 2. HP: 19/22 MP: 2/2
  1237 | D:2      | Found a white marble altar of Elyvilon.
  1274 | D:2      | Gained mutation: You are partially covered in molten scales (AC +1). [demonic ancestry]
  1274 | D:2      | Reached XP level 3. HP: 18/27 MP: 3/3
  1855 | D:3      | Reached XP level 4. HP: 29/34 MP: 4/4
  2015 | D:3      | Found a deep blue altar of Sif Muna.
  2019 | D:3      | Found a radiant altar of Vehumet.
  2019 | D:3      | Found an ancient bone altar of Kikubaaqudgha.
  2024 | D:3      | Identified Sif Muna's Guide on Good Luck
  2032 | D:3      | Identified Vehumet's Papyrus of Conjuration
  2041 | D:3      | Identified Kikubaaqudgha's Collected Works on Evil Arts
  2117 | D:3      | Reached skill level 1 in Armour
  2154 | D:3      | You fall through a shaft for 3 floors!
  2168 | D:6      | Reached skill level 1 in Polearms
  2179 | D:6      | Reached XP level 5. HP: 22/39 MP: 5/5
  2543 | D:6      | Noticed Sigmund
  2580 | D:6      | HP: 2/40 [worker ant (6)]
  2594 | D:6      | HP: 2/40 [worker ant (2)]
  2596 | D:6      | Succumbed to a worker ant's poison

Action                   |  1- 3 |  4- 6 || total
-------------------------+-------+-------++-------
Melee: Long sword        |    33 |       ||    33
       Spear             |    77 |   135 ||   212
  Use: Scroll            |     2 |       ||     2
       Potion            |       |     1 ||     1
  Eat: Bread ration      |     1 |     1 ||     2
